 Dungeon Crawl Stone Soup version 0.30-a0-949-g53dc5368d7 (webtiles) character file.

Game seed: 7889160840810296430

2167 cforsyth the Fighter (level 9, -2/61 (78) HPs)
             Began as a Formicid Fighter on Mar 28, 2023.
             Was an Initiate of Ru.
             Slain by a gnoll
             ... wielding a +0 halberd of draining
              (3 damage)
             ... in a bailey.
             The game lasted 00:10:46 (8364 turns).

cforsyth the Fighter (Formicid Fighter)             Turns: 8364, Time: 00:10:47

HP:   -2/61 (78)    AC: 18    Str: 26    XL:     9   Next: 57%
MP:   9/9           EV:  9    Int:  7    God:    Ru [......]
Gold: 447           SH:  5    Dex: 13    Spells: 8/8 levels left

rFire   . . .      SeeInvis +    A - +1 flail (protect)
rCold   . . .      Faith    .    c - +0 buckler
rNeg    . . .      Spirit   .    b - +0 scale mail
rPois   .          Reflect  .    (helmet unavailable)
rElec   .          Rampage  .    x - +2 cloak
rCorr   .                        y - +0 pair of gloves
Will    .....                    (no boots) Stlth
                                 (no amulet)
HPRegen 0.30/turn                (no ring)
MPRegen 0.11/turn                (no ring)

@: under a protective aura, heavily drained
A: permanent stasis, dig shafts and tunnels, antennae 3, four strong arms
a: Dig, Renounce Religion


You were in a bailey.
You worshipped Ru.
Ru was noncommittal.
You visited 2 branches of the dungeon, and saw 8 of its levels.
You also visited: Bailey.

You collected 447 gold pieces.

Inventory:

Hand Weapons
 a - a +0 flail
 A - a +1 flail of protection (weapon)
Missiles
 F - a throwing net
Armour
 b - a +0 scale mail (worn)
 c - a +0 buckler (worn)
 x - a +2 cloak (worn)
 y - a +0 pair of gloves (worn)
Wands
 m - a wand of mindburst (36)
 E - a wand of flame (30)
 G - a wand of paralysis (9)
Scrolls
 e - 5 scrolls of teleportation {unknown}
 h - 2 scrolls of magic mapping {unknown}
 i - a scroll of brand weapon {unknown}
 l - 3 scrolls of vulnerability {unknown}
 o - 3 scrolls of blinking {unknown}
 r - a scroll of poison {unknown}
 s - 6 scrolls of identify {unknown}
 t - 2 scrolls of enchant weapon {unknown}
 v - a scroll of fear {unknown}
 w - a scroll of noise {unknown}
 B - a scroll of amnesia {unknown}
Potions
 d - 4 potions of might
 f - 3 potions of brilliance {unknown}
 g - 3 potions of heal wounds {unknown}
 j - 2 potions of resistance {unknown}
 k - 2 potions of curing {unknown}
 n - 3 potions of attraction {unknown}
 p - a potion of magic {unknown}
 q - a potion of invisibility {unknown}
 u - a potion of degeneration {unknown}
 z - a potion of mutation {unknown}
 C - a potion of berserk rage {unknown}
 D - 2 potions of lignification {unknown}
 H - 2 potions of cancellation {unknown}


   Skills:
 + Level 9.7 Fighting
 + Level 8.5 Maces & Flails
 + Level 4.0 Armour
 + Level 4.7 Shields


You had 8 spell levels left.
You didn't know any spells.
Your spell library contained the following spells:

 Spells                   Type           Power      Damage    Failure   Level
 Beastly Appendage        Tmut           0%         N/A       77%         1
 Slow                     Hex            0%         N/A       77%         1
 Lesser Beckoning         Tloc           0%         N/A       88%         2
 Momentum Strike          Conj/Tloc      0%         3d8       88%         2
 Wereblood                Tmut           0%         N/A       88%         2
 Confusing Touch          Hex            0%         N/A       98%         3
 Inner Flame              Hex/Fire       0%         N/A       98%         3
 Spider Form              Tmut/Pois      0%         N/A       98%         3
 Tukima's Dance           Hex            0%         N/A       98%         3
 Vampiric Draining        Necr           0%         2d6       98%         3
 Flame Wave               Conj/Fire      0%         2d4       100%        4
 Passage of Golubria      Tloc           0%         N/A       100%        4
 Sticky Flame             Conj/Fire      0%         2d3       100%        4
 Yara's Violent Unravell  Hex/Tmut       0%         3d3       100%        5
 Blink                    Tloc           Unusable   N/A       N/A         2

Dungeon Overview and Level Annotations

Branches:
Dungeon (7/15)             Temple (1/1) D:6          Bailey (1/1)

Altars:
Dithmenos
Elyvilon
Fedhas
Gozag
Hepliaklqana
Kikubaaqudgha
Makhleb
Nemelex Xobeh
Okawaru
Qazlal
Ru
Sif Muna
Trog
Uskayaw
Vehumet
Wu Jian
Xom
Yredelemnul
Zin
The Shining One

Shops:
D:4 !

Annotations:
D:6 2 runed translucent doors, LobsterGuardian's ghost, novice FeEn


Innate Abilities, Weirdness & Mutations

You cannot be hasted, slowed, berserked, paralysed or teleported.
You can dig through walls and to a lower floor.
You have a pair of large antennae on your head. (SInv)
Your four strong arms can wield two-handed weapons with a shield.


Message History

There is an open door, spattered with blood here.
You sock the gnoll!
Your weapon exudes an aura of protection.
The gnoll is almost dead.
You block the gnoll's attack.
The orc warrior hits you from afar with a +2 halberd of electrocution.
You sock the gnoll!
You kill the gnoll!
You block the orc warrior's attack.
Your Armour skill increases to level 4!
The gnoll hits you but does no damage.
You feel drained.
The orc warrior hits you with a +2 halberd of electrocution.
You are electrocuted!
Things that are here:
a +1 halberd of draining; a +1 halberd of electrocution You hit the orc warrior.
The orc warrior is lightly wounded.
The gnoll hits you from afar with a +0 halberd of draining!
You feel drained.
The orc warrior hits you with a +2 halberd of electrocution.
You completely miss the orc warrior.
The orc warrior is lightly wounded.
The gnoll hits you from afar with a +0 halberd of draining.
You feel drained.
The orc warrior hits you with a +2 halberd of electrocution.
You are electrocuted!
* * * LOW HITPOINT WARNING * * *
You barely miss the orc warrior.
The orc warrior is lightly wounded.
The orc warrior hits you but does no damage.
The gnoll hits you from afar with a +0 halberd of draining.
* * * LOW HITPOINT WARNING * * *
You feel drained.
* * * LOW HITPOINT WARNING * * *
The gnoll hits you but does no damage.
You feel drained. The orc warrior barely misses you.
You closely miss the orc warrior.
The orc warrior is lightly wounded.
The gnoll hits you from afar with a +0 halberd of draining.
You die...

#)###.###)#)###.###)#
##'##'##'###'##'##'##
##g{...## ##.....##
###.....#####.....###
#)'..⌠..')#)'..∩..')#
###.....#####.....###
##....{## ##.....##
##'##'##g###'##'##'##
#.###)###go@###.###∩#
### ### ##### ### ###


You could see an orc warrior and 2 gnolls.

Vanquished Creatures
  A water moccasin (D:6)
  2 sky beasts
  2 ogres (D:5)
  An ice beast (D:5)
  2 black bears
  3 centaurs
  A phantom (D:6)
  A gnoll sergeant (D:5)
  2 scorpions
  2 howler monkeys (D:6)
  2 hounds (D:5)
  2 gnoll boudas
  3 orc priests
  3 iguanas
  7 orc wizards
  4 adders
  20 gnolls
  A shadow imp (D:6)
  A white imp (D:7)
  An ufetubus (D:6)
  A worm (D:5)
  3 dart slugs
  40 orcs
  6 ball pythons
  9 endoplasms
  3 giant cockroaches
  5 goblins
  10 hobgoblins
  12 jackals
  3 quokkas
  4 bats (D:1)
  4 frilled lizards
  6 kobolds
  9 rats
176 creatures vanquished.

Notes
Turn   | Place    | Note
-------+----------+-------------------------------------------
     0 | D:1      | cforsyth the Formicid Fighter began the quest for the Orb.
     0 | D:1      | Reached XP level 1. HP: 18/18 MP: 1/1
   125 | D:1      | Reached XP level 2. HP: 22/24 MP: 2/2
   248 | D:1      | Reached XP level 3. HP: 27/30 MP: 3/3
   712 | D:1      | Reached skill level 4 in Fighting
   916 | D:2      | Reached XP level 4. HP: 26/37 MP: 4/4
  1068 | D:2      | Found a bloodstained altar of Trog.
  1951 | D:3      | Found a white marble altar of Elyvilon.
  1951 | D:3      | Found a radiant altar of Vehumet.
  2078 | D:3      | Reached XP level 5. HP: 43/43 MP: 5/5
  2784 | D:3      | Reached skill level 5 in Fighting
  2931 | D:4      | Found Lubbib's Distillery.
  3030 | D:3      | Reached XP level 6. HP: 24/51 MP: 6/6
  3357 | D:4      | Noticed a black bear
  3581 | D:4      | Killed a black bear
  4100 | D:3      | Reached skill level 6 in Fighting
  4271 | D:4      | Reached skill level 5 in Maces & Flails
  4271 | D:4      | Reached XP level 7. HP: 39/58 MP: 7/7
  4677 | D:5      | Entered Level 5 of the Dungeon
  5521 | D:5      | Reached skill level 7 in Fighting
  5553 | D:5      | Reached XP level 8. HP: 48/67 MP: 8/8
  5732 | D:5      | Found a burning altar of Makhleb.
  5897 | D:5      | Reached skill level 8 in Fighting
  6105 | D:6      | Found a runed translucent door.
  6105 | D:6      | Noticed LobsterGuardian's ghost (novice FeEn)
  6199 | D:6      | Found a staircase to the Ecumenical Temple.
  6263 | Temple   | Entered the Ecumenical Temple
  6554 | Temple   | Became a worshipper of Ru the Awakened
  6751 | D:6      | Reached XP level 9. HP: 75/75 MP: 9/9
  7331 | D:6      | Reached skill level 9 in Fighting
  7566 | D:6      | Found a runed translucent door.
  7889 | D:7      | Found a flagged portal.
  7905 | Bailey   | Entered a bailey
  8363 | Bailey   | HP: 2/63 [gnoll/+0 halberd of draining (4)]
  8364 | Bailey   | Slain by a gnoll

Illustrated notes

Levels and vault maps discovered:
D:1:      elethiomel_arrival_quiet, layout_rooms, minivault_5,
          minmay_indecisive_spiral
D:2:      layout_loops_ring, basic_altar
D:3:      layout_loops_corners, nicolae_overflow_two_pavilions
D:4:      layout_rooms, serial_shops, shop, corexii_hall_statues_deadend
D:5:      layout_basic, lemuel_tele_altar
D:6:      layout_basic, temple_pool_b, ebering_ghost_sewer_f,
          chequers_serial_rivers_room_a
D:7:      layout_rooms, enter_bailey_2, centaur_isle
Temple:   kb_temple_of_zot
Bailey:   bailey_polearm_nasty_gnolls, bailey

Skill      XL: |  1  2  3  4  5  6  7  8  9 |
---------------+----------------------------+-----
Fighting       | 4 5 6 7 8 9 |  9.7
Maces & Flails | 3 4 5 6 7 8 |  8.5
Armour         | 4 |  4.0
Shields        | |  4.7

Action                     |  1- 3 |  4- 6 |  7- 9 || total
---------------------------+-------+-------+-------++-------
  Melee: Flail             |    91 |   209 |   299 ||   599
 Armour: Scale mail        |    45 |   154 |   224 ||   423
  Dodge: Dodged            |    29 |   154 |   155 ||   338
  Block: Buckler           |    19 |    80 |    97 ||   196

Table legend: (Time is in decaauts)
 A = Elapsed time spent in this place.
 B = Non-inter-level travel time spent in this place.
 C = Inter-level travel time spent in this place.
 D = Time resting spent in this place.
 E = Time spent auto-exploring this place.
 F = Levels seen in this place.
 G = Mean time per level.
                   A        B        C        D        E       F      G
               +--------+--------+--------+--------+--------+-----+--------+
         Total |   8481 |   8347 |    134 |   2742 |   3866 |   9 |  942.3 |
       Dungeon |   7663 |   7529 |    134 |   2272 |   3779 |   7 | 1094.7 |
        Temple |    358 |    358 |      0 |    237 |     87 |   1 |  358.0 |
        Bailey |    459 |    459 |      0 |    233 |      0 |   1 |  459.0 |
               +--------+--------+--------+--------+--------+-----+--------+

Top non-repeatable levels by time:
     D:3: 2662 daAuts
     D:5: 1350 daAuts
     D:4: 1118 daAuts
     D:6: 848 daAuts
     D:1: 770 daAuts
     D:2: 652 daAuts
  Bailey: 459 daAuts
  Temple: 358 daAuts
     D:7: 259 daAuts
